 Dungeon Crawl Stone Soup version 0.20.1-1-g8b1a95d (webtiles) character file.

83 NullDivider the Ducker (level 4, 0/22 HPs)
             Began as a Felid Berserker on Sept 2, 2017.
             Was a Follower of Qazlal.
             Slain by a polar bear (1 damage)
             ... created by the rage of Trog
             ... on level 3 of the Dungeon.
             The game lasted 00:21:51 (3005 turns).

NullDivider the Ducker (Felid Berserker)            Turns: 3005, Time: 00:21:53

Health: 0/22       AC:  1    Str: 13    XL:     4   Next: 22%
Magic:  5/5        EV: 20    Int:  8    God:    Qazlal [*.....]
Gold:   92         SH:  1    Dex: 17    Spells: 3/3 levels left
                                        Lives:  0   Deaths: 1

rFire    . . .     SeeInvis +     - Unarmed
rCold    . . .     Gourm    .   (shield unavailable)
rNeg     . . .     Faith    .   (armour unavailable)
rPois    .         Spirit   .   (helmet unavailable)
rElec    .         Reflect  .   (cloak unavailable)
rCorr    .         Harm     .   (gloves unavailable)
MR       .....                  (boots unavailable)
Stlth    +++.......             (no amulet)
Regen    0.1/turn               (no ring)
MPRegen  0.1/turn               (no ring)

@: quick
A: no armour, no weapons or thrown items, stealth, claws 1, fangs 3, see
invisible, carnivore 3, speed 1, shaggy fur 1, slow metabolism 1, sharp paws
a: Renounce Religion


You were on level 3 of the Dungeon.
You worshipped Qazlal.
Qazlal was aware of your devotion.
You were not hungry.

You visited 1 branch of the dungeon, and saw 3 of its levels.

You collected 92 gold pieces.

Inventory:

Wands
 e - a wand of flame (18/48)
Scrolls
 d - 3 scrolls of identify {unknown}
 g - a scroll of remove curse {unknown}
 h - a scroll of immolation {unknown}
 j - a scroll of recharging {unknown}
Potions
 b - 2 potions of curing {unknown}
 c - a potion of lignification {unknown}
 f - a potion of degeneration {unknown}
 i - a potion of agility {unknown}
Comestibles
 a - a meat ration


   Skills:
 * Level 4.3 Fighting
 + Level 4.7 Dodging
 + Level 2.8 Stealth
 * Level 4.0 Unarmed Combat


You had 3 spell levels left.
You didn't know any spells.

Dungeon Overview and Level Annotations

Branches:
Dungeon (3/15)

Altars:
Cheibriados
Dithmenos
Elyvilon
Gozag
Qazlal
Sif Muna
Vehumet
Zin


Innate Abilities, Weirdness & Mutations

You cannot wear armour.
You are incapable of wielding weapons or throwing items.
Your paws allow you to move quietly. (Stealth)
You have sharp claws.
You have razor-sharp teeth.
You have supernaturally acute eyesight. (SInv)
You are carnivorous and can eat meat at any time.
You cover ground quickly.
You are covered in fur. (AC +1)
You have a slow metabolism.
Your sharp claws are effective at attacking unaware monsters.


Message History

Found a stone staircase leading up.
HP restored.
You open the door.
There is an open door here.
There is an open door here.
There is an open door here.
You hear an angry growl.
The polar bear growls angrily.
You closely miss the polar bear. The polar bear bites you.
The polar bear misses you. The polar bear barely misses you.
You barely miss the polar bear. The polar bear misses you.
The polar bear barely misses you. The polar bear claws you.
You scratch the polar bear but do no damage.
The polar bear bites you!
Ouch! That really hurt!
* * * LOW HITPOINT WARNING * * *
The polar bear barely misses you. The polar bear claws you.
* * * LOW HITPOINT WARNING * * *
You completely miss the polar bear. The polar bear bites you.
You die...

)#....#........#h#####.#.#.#####.
.'....#..........<.# #.#...#.....
.#.......#.........###)#.###.####
.........................# #.#
..............#..........###.#
..###...........w........)...#
..# ###.>................#####
..# #..##.#.##...#####.# ..#
#..##.....@..# ### #
#..####'###h......g.
#.........#.###.....
#.........#.###..... #####
#.........'...'..... ....#
#.........#####..... ###.#
#.######### # #.# #.# #.# #.#


You could see a polar bear and a dart slug.

Vanquished Creatures
  Terence (D:2)
  3 gnolls (D:3)
  An adder (D:3)
  An ooze (D:1)
  2 worms (D:2)
  2 dart slugs
  3 leopard geckos (D:1)
  7 orcs (D:3)
  2 ball pythons
  9 bats
  4 giant cockroaches
  10 goblins
  15 hobgoblins
  2 jackals (D:2)
  A quokka (D:2)
  3 frilled lizards (D:2)
  6 kobolds
  A leopard gecko skeleton (D:1)
  9 rats
82 creatures vanquished.

Notes
Turn   | Place    | Note
-------+----------+-------------------------------------------
     0 | D:1      | NullDivider the Felid Berserker began the quest for the Orb.
     0 | D:1      | Reached XP level 1. HP: 10/10 MP: 2/2
   218 | D:1      | Reached XP level 2. HP: 7/14 MP: 3/3
   463 | D:1      | Reached skill level 1 in Stealth
   770 | D:1      | Reached ** piety under Trog
   770 | D:1      | Reached XP level 3. HP: 17/17 MP: 4/4
  1346 | D:2      | Found a radiant altar of Vehumet.
  1348 | D:2      | Noticed Terence
  1368 | D:2      | Killed Terence
  1427 | D:2      | Reached XP level 4. HP: 15/22 MP: 5/5
  2015 | D:2      | Found a glowing silver altar of Zin.
  2017 | D:2      | Found a snail-covered altar of Cheibriados.
  2018 | D:2      | Found an opulent altar of Gozag.
  2018 | D:2      | Found a shadowy altar of Dithmenos.
  2018 | D:2      | Found a deep blue altar of Sif Muna.
  2019 | D:2      | Found a white marble altar of Elyvilon.
  2570 | D:3      | Reached XP level 5. HP: 25/25 MP: 6/6
  2593 | D:3      | Reached *** piety under Trog
  2618 | D:3      | Found a faded altar of an unknown god.
  2711 | D:3      | Fell from the grace of Trog
  2711 | D:3      | Became a worshipper of Qazlal Stormbringer
  2711 | D:3      | Reached * piety under Qazlal
  2764 | D:3      | Noticed a black bear
  2764 | D:3      | Noticed a polar bear
  2764 | D:3      | Noticed a black bear
  2764 | D:3      | Noticed a polar bear
  2764 | D:3      | Noticed a polar bear
  2792 | D:3      | Slain by a polar bear
  2793 | D:3      | Reached XP level 4. HP: -2/22 MP: 5/5
  3004 | D:3      | HP: 1/22 [polar bear[the rage of Trog] (3)]
  3005 | D:3      | Slain by a polar bear

Skill      XL: |  1  2  3  4  5 |
---------------+----------------+-----
Stealth        | 1 2 |  2.8
Fighting       | 4 |  4.3
Unarmed Combat | 4 |  4.0
Dodging        | |  4.7

Action                   |  1- 3 |  4- 6 || total
-------------------------+-------+-------++-------
Melee: Unarmed           |    85 |   156 ||   241
       Bite              |     6 |    11 ||    17
       Punch             |     1 |       ||     1
Invok: Berserk           |     1 |       ||     1
       Trog's Hand       |       |     1 ||     1
 Stab: Sleeping          |     4 |     5 ||     9
  Eat: Chunk             |     2 |     9 ||    11
Armor: Skin              |     5 |     9 ||    14
Dodge: Dodged            |    52 |   136 ||   188
Block: Other             |       |     2 ||     2
